 Dungeon Crawl Stone Soup version 0.29.1-13-g9f3cf754e1 (webtiles) character file.

Game seed: 14307203506777883971

1843014 GeoRichter the Conqueror (level 26, 173/173 HPs)
             Began as a Gargoyle Fighter on Jan 25, 2023.
             Was an Initiate of Gozag.
             Escaped with the Orb
             ... and 3 runes on Jan 26, 2023!
             The game lasted 02:08:39 (54127 turns).

GeoRichter the Conqueror (Gargoyle Fighter)        Turns: 54127, Time: 02:08:40

Health: 173/173    AC: 72    Str: 28    XL:     26   Next: 8%
Magic:  7/7        EV: 10    Int: 19    God:    Gozag
Gold:   2819       SH: 15    Dex:  9    Spells: 25/25 levels left

rFire   + + .      SeeInvis +   b - +9 eveningstar (antimagic)
rCold   + + .      Faith    .   o - +1 kite shield of the Trombone {rN+ Will+ Str+2}
rNeg    + + +      Spirit   .   f - +10 crystal plate armour
rPois   ∞          Reflect  .   U - +2 hat {Stlth+}
rElec   +          Harm     .   Q - scarf {rC+ rF+}
rCorr   .          Rampage  .   E - +2 pair of gloves
Will    +++..                   p - +0 pair of boots
Stlth   ..........              D - amulet of regeneration
HPRegen 1.18/turn               G - ring "Peolag" {rN+ Will+ Int+6 SInv}
MPRegen 0.10/turn               C - ring of the Heavens {rC+ AC+4 SInv Stlth+}

@: flying, studying Stealth
A: sickness immunity, AC +20, big wings, negative energy resistance 1,
electricity resistance, torment resistance 1, petrification resistance, antennae
1, fire resistance 1, frail 1, shaggy fur 1, weak 1
0: Orb of Zot
}: 3/15 runes: serpentine, barnacled, silver
a: Renounce Religion, Potion Petition, Call Merchant, Bribe Branch


You escaped.
You worshipped Gozag.
Gozag was most pleased with you.
You visited 9 branches of the dungeon, and saw 46 of its levels.
You visited the Abyss 2 times.
You also visited: Volcano.

You collected 27197 gold pieces.
You spent 6542 gold pieces at shops.
You paid 17836 gold pieces to Gozag.

Inventory:

Hand Weapons
 a - a +9 vorpal eveningstar
   (You acquired it on level 5 of the Vaults)
 b - a +9 antimagic eveningstar (weapon)
   (You found it on level 5 of the Vaults)
 F - the +10 morningstar of the Coward {flame, Fly}
   (You bought it in a shop on level 2 of the Orcish Mines)

   It burns those it strikes, dealing additional fire damage.
   Fly:       It grants you flight.
Missiles
 l - 13 javelins (quivered)
 L - 6 curare-tipped darts {!f}
 M - 9 silver javelins
Armour
 f - a +10 crystal plate armour (worn)
   (You found it on level 1 of the Dungeon)
 o - the +1 kite shield of the Trombone (worn) {rN+ Will+ Str+2}
   (You acquired it on level 2 of the Vaults)

   Str:       It affects your strength (+2).
   rN:        It protects you from negative energy.
   Will:      It increases your willpower.
 p - a +0 pair of boots (worn)
   (You found it on level 2 of the Dungeon)
 E - a +2 pair of gloves (worn)
   (You bought it in a shop on level 2 of the Orcish Mines)
 O - the +5 kite shield of Geffeam {rCorr Dex+4 SInv}
   (You found it on level 2 of the Lair of Beasts)

   Dex:       It affects your dexterity (+4).
   SInv:      It lets you see invisible.
   rCorr:     It protects you from acid and corrosion.
 Q - a scarf of resistance (worn)
   (You found it on level 11 of the Dungeon)
 U - a +2 hat of stealth (worn)
   (You bought it in a shop on level 13 of the Dungeon)
 W - a +1 kite shield of resistance
   (You took it off a naga warrior on level 4 of the Snake Pit)
 Z - the +1 cloak "Ovenumoigh" {Harm rC+}
   (You found it on level 3 of the Snake Pit)

   rC:        It protects you from cold.
   Harm:      It increases damage dealt and taken.
Jewellery
 w - the ring of Kuat {Drain rElec rN+++ Will+ Int+2}
   (You took it off a tengu reaver on level 5 of the Vaults)

   [ring of willpower]

   Int:       It affects your intelligence (+2).
   rElec:     It insulates you from electricity.
   rN:        It renders you almost immune to negative energy.
   Drain:     It drains your maximum health when unequipped.
   Will:      It increases your willpower.
 C - the ring of the Heavens (right hand) {rC+ AC+4 SInv Stlth+}
   (You found it on level 5 of the Vaults)

   [ring of protection]

   AC:        It affects your AC (+4).
   rC:        It protects you from cold.
   SInv:      It lets you see invisible.
   Stlth:     It makes you more stealthy.
 D - an amulet of regeneration (around neck)
   (You bought it in a shop on level 4 of the Dungeon)
 G - the ring "Peolag" (left hand) {rN+ Will+ Int+6 SInv}
   (You took it off a vault guard on level 3 of the Vaults)

   [ring of see invisible]

   Int:       It affects your intelligence (+6).
   rN:        It protects you from negative energy.
   SInv:      It lets you see invisible.
   Will:      It increases your willpower.
 N - the amulet of Nobility {RegenMP rN+}
   (You found it on level 5 of the Vaults)

   [amulet of magic regeneration]

   It increases your rate of magic regeneration.
   rN:        It protects you from negative energy.
Wands
 s - a wand of digging (5)
   (You took it off a hell knight on level 4 of the Vaults)
 K - a wand of roots (31)
   (You found it on level 1 of the Lair of Beasts)
 V - a wand of mindburst (14)
   (You found it on level 1 of the Snake Pit)
 X - a wand of paralysis (24)
   (You found it on level 2 of the Elven Halls)
 Y - a wand of acid (10)
   (You found it on level 10 of the Dungeon)
Scrolls
 c - 4 scrolls of fear
 g - 4 scrolls of brand weapon
 j - 7 scrolls of vulnerability {!r}
 n - 9 scrolls of immolation {!r}
 q - 14 scrolls of teleportation {@r4}
 r - 9 scrolls of butterflies
 z - 10 scrolls of noise {!r}
 J - 4 scrolls of torment {!r}
 S - a scroll of silence
Potions
 i - 2 potions of invisibility
 k - 18 potions of curing {@q1}
 m - 5 potions of haste {@q3}
 t - 6 potions of magic
 v - 2 potions of berserk rage
 x - 9 potions of brilliance
 A - 2 potions of resistance
 B - 2 potions of ambrosia
 H - 5 potions of cancellation
 I - 10 potions of mutation {!q}
 R - a potion of might
 T - a potion of heal wounds {@q2}
Miscellaneous
 u - a phantom mirror
   (You found it on level 1 of the Vaults)
 y - a phial of floods
   (You found it on level 2 of the Shoals)
 P - a condenser vane
   (You bought it in a shop on level 14 of the Dungeon)


   Skills:
 O Level 27 Fighting
 - Level 16.0 Maces & Flails
 - Level 16.0 Throwing
 + Level 23.9 Armour
 + Level 11.6 Dodging
 + Level 20.2 Shields
 - Level 10.0 Evocations


You had 25 spell levels left.
You didn't know any spells.
Your spell library contained the following spells:

 Spells                   Type           Power      Damage    Failure   Level
 Beastly Appendage        Tmut           0%         N/A       92%         1
 Foxfire                  Conj/Fire      0%         2x1d4     92%         1
 Magic Dart               Conj           0%         1d3       92%         1
 Necrotise                Necr           0%         1d4       92%         1
 Slow                     Hex            0%         N/A       92%         1
 Sting                    Tmut/Pois      0%         1d3       92%         1
 Blink                    Tloc           0%         N/A       98%         2
 Call Imp                 Summ           0%         N/A       98%         2
 Passwall                 Tmut/Erth      0%         N/A       98%         2
 Poisonous Vapours        Pois/Air       0%         N/A       98%         2
 Searing Ray              Conj           0%         2d4       98%         2
 Wereblood                Tmut           0%         N/A       98%         2
 Call Canine Familiar     Summ           0%         N/A       100%        3
 Confusing Touch          Hex            0%         N/A       100%        3
 Conjure Flame            Conj/Fire      0%         6-21      100%        3
 Frozen Ramparts          Ice            0%         1d1       100%        3
 Gell's Gravitas          Tloc           0%         N/A       100%        3
 Ignite Poison            Fire/Tmut/Pois 0%         N/A       100%        3
 Inner Flame              Hex/Fire       0%         N/A       100%        3
 Lesser Beckoning         Tloc           0%         N/A       100%        3
 Ozocubu's Armour         Ice            0%         N/A       100%        3
 Portal Projectile        Hex/Tloc       0%         N/A       100%        3
 Teleport Other           Tloc           0%         N/A       100%        3
 Tukima's Dance           Hex            0%         N/A       100%        3
 Vampiric Draining        Necr           0%         2d6       100%        3
 Airstrike                Air            0%         2d(0-16)  100%        4
 Anguish                  Hex/Necr       0%         N/A       100%        4
 Cause Fear               Hex            0%         N/A       100%        4
 Flame Wave               Conj/Fire      0%         2d4       100%        4
 Fulminant Prism          Conj/Hex       0%         3d6       100%        4
 Ice Form                 Ice/Tmut       0%         N/A       100%        4
 Leda's Liquefaction      Hex/Erth       0%         N/A       100%        4
 Olgreb's Toxic Radiance  Pois           0%         N/A       100%        4
 Passage of Golubria      Tloc           0%         N/A       100%        4
 Petrify                  Tmut/Erth      0%         N/A       100%        4
 Sticky Flame             Conj/Fire      0%         2d3       100%        4
 Summon Ice Beast         Ice/Summ       0%         N/A       100%        4
 Summon Lightning Spire   Summ/Air       0%         N/A       100%        4
 Agony                    Necr           0%         N/A       100%        5
 Blade Hands              Tmut           0%         N/A       100%        5
 Fireball                 Conj/Fire      0%         3d3       100%        5
 Freezing Cloud           Conj/Ice/Air   0%         6-21      100%        5
 Irradiate                Conj/Tmut      0%         3d11      100%        5
 Lightning Bolt           Conj/Air       0%         1d11      100%        5
 Manifold Assault         Tloc           0%         N/A       100%        5
 Metabolic Englaciation   Hex/Ice        0%         N/A       100%        5
 Summon Forest            Summ/Tloc      0%         N/A       100%        5
 Summon Mana Viper        Hex/Summ       0%         N/A       100%        5
 Yara's Violent Unravell  Hex/Tmut       0%         3d3       100%        5
 Dispersal                Tloc           0%         N/A       100%        6
 Eringya's Noxious Bog    Tmut/Pois      0%         N/A       100%        6
 Starburst                Conj/Fire      0%         6d3       100%        6
 Summon Cactus Giant      Summ           0%         N/A       100%        6
 Dragon Form              Tmut           0%         N/A       100%        7
 Enfeeble                 Hex            0%         N/A       100%        7
 Monstrous Menagerie      Summ           0%         N/A       100%        7
 Ozocubu's Refrigeration  Ice            0%         4d7       100%        7
 Storm Form               Tmut/Air       0%         N/A       100%        7
 Summon Hydra             Summ           0%         N/A       100%        7
 Discord                  Hex            0%         N/A       100%        8
 Disjunction              Tloc           0%         N/A       100%        8
 Ignition                 Fire           0%         3d3       100%        8
 Polar Vortex             Ice            0%         N/A       100%        9
 Sublimation of Blood     Necr           Unusable   N/A       N/A         2
 Simulacrum               Ice/Necr       Unusable   N/A       N/A         6
 Statue Form              Tmut/Erth      Unusable   N/A       N/A         6

Dungeon Overview and Level Annotations

Branches:
Dungeon (15/15)            Temple (0/1) D:5            Lair (5/5) D:8
 Shoals (4/4) Lair:3        Snake (4/4) Lair:3        Slime (0/5) Lair:4
    Orc (2/2) D:9             Elf (2/3) Orc:2        Vaults (5/5) D:14
  Crypt (0/3) Vaults:2     Depths (4/4) D:15            Zot (5/5) Depths:4
Volcano (visited)

Altars:
Ashenzari
Cheibriados
Elyvilon
Gozag
Kikubaaqudgha
Makhleb
Nemelex Xobeh
Okawaru
Qazlal
Ru
Sif Muna
Uskayaw
Wu Jian
The Shining One
Jiyva
Lugonu

Shops:
D:4 *   D:6 (   D:7 !   D:8 :   D:9 =(   D:11 (   D:13 [([   D:14 *
Orc:2 =*[(   Elf:1 !   Snake:1 =:=   Vaults:2 [   Vaults:4 *   Depths:3 !(**?

Portals:
Hell: Depths:1 Depths:2 Depths:3
Abyss: Depths:1 Depths:2 Depths:3 Depths:4
Pandemonium: Depths:2
Ziggurat: Depths:4


Innate Abilities, Weirdness & Mutations

You are immune to sickness and miasma.
Your stone body is resilient. (AC +20)
You are immune to poison.
Your large and strong wings let you fly.
You resist negative energy. (rN+)
You are resistant to electric shocks. (rElec)
You are resistant to unholy torment.
You are immune to petrification.
You have a pair of small antennae on your head.
Your flesh is heat resistant. (rF+)
You are frail. (-10% HP)
You are covered in fur. (AC +1)
You are weak. (Str -2)


Message History

There is a stone staircase leading up here.
You fly upwards.
There is a stone staircase leading down here.
(D) Dungeon (T) Temple (L) Lair (A) Shoals (P) Snake Pit (M) Slime Pits (O) Orcish Mines (E) Elven Halls (V) Vaults (C) Crypt (U) Depths (H) Hell (Z) Zot
Where to? (Enter - D:1, ? - help)
There is a stone staircase leading up here.
You fly upwards.
There is a stone staircase leading down here.
There is a stone staircase leading up here.
You fly upwards.
There is a stone staircase leading down here.
A tormentor comes into view.
The tormentor roars!
You hit the tormentor but do no damage.
The tormentor hits you but does no damage.
You block the tormentor's attack.
You barely miss the tormentor. The tormentor closely misses you.
The tormentor barely misses you.
You bludgeon the tormentor!!
The tormentor's magic leaks into the air.
You block the tormentor's attack.
The tormentor hits you but does no damage.
You bludgeon the tormentor!!
You kill the tormentor!
You now have 2819 gold pieces (gained 6).
There is a stone staircase leading up here.
You fly upwards.
There is a stone staircase leading down here.
(D) Dungeon (T) Temple (L) Lair (A) Shoals (P) Snake Pit (M) Slime Pits (O) Orcish Mines (E) Elven Halls (V) Vaults (C) Crypt (U) Depths (H) Hell (Z) Zot
Where to? (Enter - D:1, ? - help)
There is a stone staircase leading up here.
You fly upwards.
There is a stone staircase leading down here.
You see here a +0 whip.
There is a stone staircase leading up here.
You fly upwards.
There is a stone staircase leading down here.
There is a stone staircase leading up here.
You fly upwards.
There is a stone staircase leading down here.
You see here 5 stones.
There is an open door here.
There is a staircase leading out of the dungeon here.
You have escaped!

##########......#######.
#................##.....
#.###.......##.....####.
#.# #.#.....##.#.#.## #.
#.###............#..###.
#.#..............##.....
#....#####...........#..
###..#...#......#.#.##..
#..'.@.'......#.#.###.
#.##...##.............
#.###########.###..##.
#.# #.# #..... #.#
#.####+##. #.#
#.##....#. #.#
#.......#. #.#
##..#....#.
######.######
#..........


There were no monsters in sight!

Vanquished Creatures
  3 dread liches
  An ancient lich (Vaults:5)
  2 orbs of fire (Zot:5)
  Mara (Depths:2)
  A juggernaut (Depths:4)
  Margery (Vaults:4)
  Vv (Depths:3)
  A Killer Klown (Zot:5)
  Bai Suzhen (Depths:2)
  Saint Roka (Orc:2)
  Xtahua (Vaults:4)
  6 golden dragons
  A bone dragon (Depths:4)
  2 electric golems (Zot:5)
  6 tentacled monstrosities
  An Ice Fiend (D:15)
  Zenata (Vaults:1)
  9 Orb Guardians
  A lich (Abyss:2)
  3 acid blobs (Depths:2)
  4 titans (Vaults:5)
  A tentacled starspawn (Abyss:2)
  4 quicksilver dragons
  2 death cobs
  5 sphinxes
  Frances (D:12)
  Kirke (Lair:3)
  8 shadow dragons
  5 tengu reavers
  A draconian monk (Zot:2)
  4 storm dragons
  8 nagarajas
  4 draconian knights
  5 rockslimes (Depths:2)
  2 deep elf sorcerers
  5 azure jellies (Depths:2)
  8 frost giants
  4 fire giants
  2 draconian scorchers (Zot:1)
  A cacodemon (Abyss:2)
  3 orc warlords
  Aizul (Snake:3)
  10 vault wardens
  2 balrugs
  5 iron dragons
  3 ghost moths
  A draconian shifter (Depths:4)
  A curse skull (Vaults:2)
  A reaper (Depths:1)
  23 ironbound preservers
  A ghoul (Vaults:2)
  23 very ugly things
  2 war gargoyles
  5 draconian annihilators
  13 stone giants
  3 quicksilver oozes (Depths:2)
  3 ironbound thunderhulks
  A quicksilver ooze (shapeshifter) (Depths:2)
  6 black draconians
  10 green draconians
  Nessos (D:14)
  4 vampire knights
  2 deep elf demonologists
  7 white draconians
  A lorocyproca (Abyss:2)
  4 entropy weavers
  5 red draconians
  A spark wasp (Depths:2)
  6 yellow draconians
  7 dire elephants (Vaults:2)
  6 purple draconians
  The ghost of Quickbrownfox the Basher, a journeyman DsIE of Vehumet (D:11)
  2 deep elf annihilators
  A blizzard demon (Depths:1)
  3 merfolk javelineers
  The ghost of lennort the Fighter, a journeyman OgIE of Qazlal (D:11)
  2 crystal guardians
  11 ettins
  8 merfolk impalers
  8 deep elf high priests
  4 jiangshi
  The ghost of Peloso the Carver, a journeyman MiFi of Okawaru (D:11)
  10 fire dragons
  10 great orbs of eyes
  4 yaktaur captains
  11 ice dragons
  A hydra (shapeshifter) (Vaults:5)
  6 vault guards
  A boulder beetle (Lair:3)
  3 salamander tyrants
  2 peacekeepers
  2 rakshasas
  10 hydras
  Erolcha (D:10)
  An ogre mage (Vaults:5)
  2 satyrs
  7 ironbound frosthearts
  19 anacondas
  A spriggan air mage (Depths:4)
  3 alligator snapping turtles
  3 hell beasts
  3 merfolk aquamancers
  23 dancing weapons
  3 merfolk avatars
  5 two-headed ogres
  12 centaur warriors
  19 naga warriors
  6 tengu warriors
  4 deep troll earth magi
  A deep troll shaman (Depths:2)
  8 thrashing horrors (Abyss:2)
  6 spriggan berserkers
  4 vampire magi
  4 orc high priests (Orc:2)
  16 deep elf knights
  6 shock serpents
  15 naga sharpshooters
  2 soul eaters
  7 sun demons
  2 shadow wraiths
  15 hell knights
  3 wretched stars (Abyss:2)
  5 sixfirhies
  3 salamander mystics
  A spatial maelstrom (Abyss:2)
  3 skeletal warriors (D:12)
  A steelbarb worm (shapeshifter) (Elf:2)
  14 sea snakes
  A death drake (shapeshifter) (Depths:2)
  2 glowing orange brains
  An iron troll (Depths:2)
  18 starcursed masses (Abyss:2)
  12 lindwurms
  11 naga ritualists
  6 phantasmal warriors
  9 deep elf archers
  31 harpies
  14 ironbound convokers
  73 deep trolls
  4 necromancers
  6 wizards
  A kraken simulacrum (Shoals:4)
  7 orc knights
  21 deep elf zephyrmancers
  13 manticores
  9 orc sorcerers
  21 deep elf pyromancers
  10 mana vipers
  12 salamanders
  8 fauns
  A shining eye (Depths:2)
  15 ugly things
  9 cyclopes
  10 elephants
  5 merfolk sirens
  An apocalypse crab (Abyss:2)
  19 moths of wrath
  A toenail golem (Volcano)
  14 vault sentinels
  3 water nymphs
  A centaur zombie (D:15)
  50 black mambas
  5 torpor snails (Lair:5)
  9 molten gargoyles
  8 guardian serpents
  A gargoyle (D:13)
  12 cane toads
  An orange demon (Abyss:2)
  3 smoke demons
  4 unseen horrors
  27 naga magi
  An unseen horror (shapeshifter) (Abyss:2)
  Psyche (D:10)
  29 yaktaurs
  4 efreet
  A tormentor (D:5)
  A freezing wraith (Vaults:5)
  8 komodo dragons
  4 rime drakes
  An ice devil (Depths:2)
  4 tengu conjurers
  An ancient zyme (Abyss:2)
  A red devil (Depths:2)
  10 hornets
  27 merfolk
  6 trolls (Orc:2)
  7 wind drakes
  3 tyrant leeches (Lair:5)
  A wolf spider simulacrum (D:15)
  Grinder (D:5)
  13 slime creatures
  5 polar bears
  29 blink frogs
  7 large abominations (Abyss:2)
  10 raiju
  A dream sheep (shapeshifter) (D:14)
  14 dream sheep
  8 snapping turtles
  A flying skull (Abyss:2)
  A shadow (Abyss:2)
  2 air elementals (Elf:1)
  A wyvern (Lair:4)
  39 yaks
  2 vampires (D:11)
  2 ynoxinuls (Abyss:2)
  4 wraiths
  9 golden eyes
  6 hogs (Lair:3)
  14 water elementals
  10 humans (D:14)
  5 fire elementals (Volcano)
  5 basilisks
  A steam dragon (D:7)
  A chaos spawn (Abyss:2)
  2 neqoxecs (Abyss:2)
  5 redbacks
  5 vampire mosquitoes
  7 wargs
  61 nagas
  3 acid dragons
  20 water moccasins
  27 orc warriors
  3 small abominations (Abyss:2)
  4 black bears
  3 ice beasts
  3 sky beasts
  10 ogres
  11 centaurs
  11 wolves
  2 phantoms
  2 kobold brigands
  9 bullfrogs
  5 earth elementals
  8 wights
  14 killer bees
  An electric eel (D:7)
  10 howler monkeys
  A lava snake (Elf:1)
  13 orc priests
  3 jellies
  A gnoll bouda (D:5)
  6 hounds
  4 iguanas
  Jessica (D:2)
  20 orc wizards
  A boggart simulacrum (D:15)
  10 gnolls
  2 river rats (D:5)
  7 adders
  5 white imps
  An ufetubus (D:5)
  2 worms (D:2)
  6 dart slugs
  72 orcs
  10 endoplasms
  4 giant cockroaches
  8 goblins
  8 hobgoblins
  17 kobolds
  2 quokkas
  7 ball pythons
  7 bats
  3 frilled lizards
  9 rats
  A fire vortex (Volcano)
  A lurking horror (Abyss:2)
  A tentacle (Shoals:4)
1859 creatures vanquished.

Vanquished Creatures (collateral kills)
  An orb of fire (Zot:5)
  2 ancient liches (Zot:5)
  A dread lich (Zot:5)
  A Killer Klown (Zot:5)
  4 golden dragons
  11 Orb Guardians (Zot:5)
  A quicksilver dragon (Vaults:5)
  A death cob (Zot:5)
  A draconian monk (Zot:4)
  3 storm dragons (Zot:4)
  A draconian knight (Zot:4)
  A draconian scorcher (Zot:4)
  A draconian shifter (Zot:4)
  A stone giant (Depths:4)
  A spriggan defender (Depths:4)
  A draconian annihilator (Zot:4)
  An ironbound preserver (Vaults:3)
  2 war gargoyles
  A very ugly thing (Vaults:5)
  A green draconian (Zot:4)
  A purple draconian (Zot:4)
  An ettin (Vaults:5)
  2 merfolk impalers (Shoals:4)
  A merfolk javelineer (Shoals:4)
  A fire dragon (Zot:5)
  A jiangshi (Depths:4)
  A deep elf high priest (Vaults:5)
  11 vault guards (Vaults:5)
  A vampire mage (Depths:4)
  A spriggan berserker (Depths:4)
  A phantasmal warrior (Vaults:5)
  2 ironbound convokers
  A merfolk siren (Shoals:4)
  2 moths of wrath (Zot:5)
  A merfolk (Shoals:4)
  A water elemental (Shoals:4)
66 creatures vanquished.

Vanquished Creatures (others)
  An orb of fire (Zot:5)
  3 dread liches
  3 ancient liches (Zot:5)
  A Killer Klown (Zot:5)
  A curse toe (Zot:5)
  5 tentacled monstrosities
  A lich (Vaults:5)
  Rupert (D:14)
  5 Orb Guardians (Zot:5)
  2 titans (Vaults:5)
  A death cob (Zot:4)
  2 sphinxes (Vaults:5)
  3 storm dragons
  5 tengu reavers (Vaults:5)
  A shadow dragon (Vaults:5)
  2 vault wardens (Vaults:5)
  A fire giant (Vaults:5)
  A deep elf sorcerer (Vaults:5)
  A draconian scorcher (Zot:5)
  A draconian annihilator (Zot:1)
  A war gargoyle (Vaults:5)
  2 very ugly things (Vaults:5)
  3 stone giants (Vaults:5)
  An ironbound thunderhulk (Vaults:5)
  2 ironbound preservers (Vaults:5)
  2 green draconians (Zot:2)
  5 purple draconians
  A deep elf annihilator (Vaults:5)
  3 yellow draconians
  A white draconian (Zot:2)
  A deep elf death mage (Vaults:5)
  4 ettins (Vaults:5)
  A deep elf high priest (Vaults:5)
  3 yaktaur captains (Vaults:5)
  An ogre mage (Vaults:5)
  15 vault guards (Vaults:5)
  A hydra (D:14)
  Urug (D:14)
  2 deep elf knights (Elf:1)
  3 deep trolls (Vaults:5)
  2 ironbound convokers (Vaults:5)
  2 phantasmal warriors (Vaults:5)
  A mana viper (Snake:4)
  A deep elf pyromancer (Elf:1)
  A moth of wrath (Zot:5)
  A black mamba (Snake:3)
  3 vault sentinels (Vaults:5)
  3 freezing wraiths (Vaults:5)
  6 humans (D:14)
  2 orc wizards
  An ufetubus (Abyss:2)
  An orc (Orc:1)
  22 fungi
  A lurking horror (Abyss:2)
  90 plants
  2 starspawn tentacles (Abyss:2)
  11 tentacles (Shoals:4)
  4 withered plants (D:11)
248 creatures vanquished.

Grand Total: 2173 creatures vanquished

Notes
Turn   | Place    | Note
-------+----------+-------------------------------------------
     0 | D:1      | GeoRichter the Gargoyle Fighter began the quest for the
                  | Orb.
     0 | D:1      | Reached XP level 1. HP: 14/14 MP: 1/1
   111 | D:1      | You fall into a shaft and drop 1 floor!
   195 | D:1      | Found a faded altar of an unknown god.
   225 | D:1      | Reached XP level 2. HP: 16/19 MP: 2/2
   700 | D:1      | Reached XP level 3. HP: 24/24 MP: 3/3
  1121 | D:2      | Noticed Jessica
  1141 | D:2      | Killed Jessica
  1142 | D:2      | Reached skill level 4 in Fighting
  1142 | D:2      | Reached XP level 4. HP: 22/29 MP: 4/4
  2143 | D:2      | Reached XP level 5. HP: 19/34 MP: 5/5
  2641 | D:3      | Reached skill level 5 in Maces & Flails
  2813 | D:3      | Found a sacrificial altar of Ru.
  2853 | D:3      | Became a worshipper of Ru the Awakened
  2871 | D:3      | Noticed a black bear
  2894 | D:3      | Killed a black bear
  2895 | D:3      | Reached skill level 5 in Fighting
  2895 | D:3      | Reached XP level 6. HP: 11/40 MP: 6/6
  3929 | D:4      | Found an iron altar of Okawaru.
  3933 | D:4      | Found an opulent altar of Gozag.
  3948 | D:4      | Fell from the grace of Ru
  3948 | D:4      | Became a worshipper of Gozag Ym Sagoz the Greedy
  3989 | D:4      | Found a stormy altar of Qazlal.
  4114 | D:4      | Found Net Lam's Neck Hole.
  4120 | D:4      | Bought a +0 cloak for 49 gold pieces
  4226 | D:4      | Reached XP level 7. HP: 39/44 MP: 7/7
  4640 | D:4      | Found a shimmering blue altar of Sif Muna.
  4658 | D:5      | Entered Level 5 of the Dungeon
  4660 | D:5      | Found a staircase to the Ecumenical Temple.
  4754 | D:5      | Noticed Grinder
  4769 | D:5      | Killed Grinder
  4770 | D:5      | Reached skill level 6 in Fighting
  4782 | D:5      | Found a glowing golden altar of the Shining One.
  4848 | D:5      | Reached XP level 8. HP: 33/52 MP: 8/8
  5899 | D:5      | Reached skill level 7 in Fighting
  5987 | D:4      | Bought an amulet of regeneration for 330 gold pieces
  6372 | D:6      | Found Dyjaiz's Weapon Shop.
  6482 | D:6      | Reached XP level 9. HP: 57/57 MP: 9/9
  6729 | D:6      | Identified the +1 leather armour of Bad Feelings {Slay+6}
  6954 | D:7      | Found Emorph's Distillery.
  6986 | D:7      | Bought a potion of haste for 130 gold pieces
  6986 | D:7      | Bought a potion of might for 52 gold pieces
  7067 | D:7      | Identified the +2 robe of Sunlight {rC+}
  7137 | D:7      | Reached skill level 8 in Fighting
  7137 | D:7      | Reached skill level 5 in Armour
  7174 | D:7      | Reached skill level 5 in Shields
  7217 | D:7      | Found a burning altar of Makhleb.
  7419 | D:7      | Reached skill level 1 in Throwing
  7642 | D:7      | Found a white marble altar of Elyvilon.
  7791 | D:8      | Reached skill level 10 in Maces & Flails
  7940 | D:8      | Reached XP level 10. HP: 52/65 MP: 10/10
  8108 | D:8      | Found an ancient bone altar of Kikubaaqudgha.
  8173 | D:8      | Found Faghuef's Self-Improvement Boutique.
  8446 | D:8      | Found a staircase to the Lair.
  8596 | D:9      | Found a staircase to the Orcish Mines.
  8625 | D:8      | Reached skill level 9 in Fighting
  9191 | D:9      | Killed an unseen horror
  9638 | Orc:1    | Entered Level 1 of the Orcish Mines
  9672 | D:10     | Entered Level 10 of the Dungeon
  9742 | D:10     | Found a broken altar of Ashenzari.
  9857 | D:10     | Reached skill level 10 in Fighting
  9964 | D:10     | Killed an unseen horror
  9965 | D:10     | Reached XP level 11. HP: 72/72 MP: 11/11
  9972 | D:10     | Noticed a two-headed ogre
  9985 | D:10     | Killed a two-headed ogre
 10062 | D:10     | Noticed a two-headed ogre
 10073 | D:10     | Killed a two-headed ogre
 10174 | D:10     | Found a hide-covered altar of Uskayaw.
 10205 | D:10     | Found an ornate altar of the Wu Jian Council.
 10245 | D:10     | Noticed Erolcha
 10254 | D:10     | Killed Erolcha
 10330 | D:10     | Found a sparkling altar of Nemelex Xobeh.
 10330 | D:10     | Noticed a lindwurm
 10335 | D:10     | Noticed Psyche
 10366 | D:10     | Killed Psyche
 10367 | D:10     | Reached skill level 11 in Fighting
 10447 | D:10     | Noticed a lindwurm
 10464 | D:10     | Noticed a lindwurm
 10491 | D:10     | Noticed a lindwurm
 10852 | Lair:1   | Entered Level 1 of the Lair of Beasts
 11230 | D:6      | Bought the +9 war axe of the Sage {vamp, rF+ Str+4} for
                  | 1090 gold pieces
 12099 | Lair:2   | Reached XP level 12. HP: 81/81 MP: 12/12
 12103 | Lair:2   | Reached skill level 12 in Fighting
 12292 | Lair:2   | Noticed a five-headed hydra
 12312 | Lair:2   | Killed a five-headed hydra
 12617 | Lair:2   | Noticed a six-headed hydra
 12646 | Lair:2   | Reached skill level 13 in Fighting
 12680 | Lair:2   | Killed a six-headed hydra
 12734 | Lair:2   | Identified the +5 kite shield of Geffeam {rCorr Dex+4 SInv}
 12761 | Lair:2   | Noticed an eight-headed hydra
 12772 | Lair:2   | Killed an eight-headed hydra
 13137 | Lair:3   | Reached skill level 1 in Evocations
 13140 | Lair:3   | Reached XP level 13. HP: 88/88 MP: 13/13
 13269 | Lair:3   | Found a staircase to the Snake Pit.
 13303 | Lair:3   | Noticed Kirke
 13482 | Lair:3   | Killed Kirke
 13524 | Lair:3   | Reached skill level 14 in Fighting
 13619 | Lair:3   | Found a staircase to the Shoals.
 14093 | Lair:4   | Reached skill level 10 in Armour
 14663 | Lair:4   | Found a staircase to the Slime Pits.
 14663 | Lair:4   | Found a viscous altar of Jiyva.
 14856 | Lair:5   | Entered Level 5 of the Lair of Beasts
 14866 | Lair:5   | Reached skill level 10 in Shields
 14889 | Lair:5   | Gained mutation: Your large and strong wings let you fly.
                  | [Gargoyle growth]
 14889 | Lair:5   | Reached XP level 14. HP: 96/96 MP: 14/14
 14935 | Lair:5   | Reached skill level 15 in Maces & Flails
 15005 | Lair:5   | Reached skill level 15 in Fighting
 15575 | Lair:5   | Found a runed translucent door.
 16214 | Orc:2    | Entered Level 2 of the Orcish Mines
 16248 | Orc:2    | Found Loenuc's Antique Armour Shop.
 16308 | Orc:2    | Found a staircase to the Elven Halls.
 16342 | Orc:2    | Paralysed by an orc sorcerer for 4 turns
 16373 | Orc:2    | Noticed Saint Roka
 16384 | Orc:2    | Found Edoojischaem's Jewellery Shop.
 16428 | Orc:2    | Noticed an orc warlord
 16532 | Orc:2    | Found a dark tunnel.
 16540 | Volcano  | Entered a volcano
 16558 | Volcano  | Reached skill level 16 in Fighting
 16623 | Volcano  | Reached XP level 15. HP: 85/104 MP: 15/15
 16852 | Orc:2    | Killed an orc warlord
 16859 | Orc:2    | Killed Saint Roka
 16957 | Orc:2    | Found Souhunt's General Store.
 17032 | Orc:2    | Bought a pair of runed gloves for 255 gold pieces
 17167 | Orc:2    | Found Xeynlag's Antique Weapon Boutique.
 17172 | Orc:2    | Paralysed by an orc sorcerer for 4 turns
 17226 | Orc:2    | Bought a bone morningstar for 207 gold pieces
 17226 | Orc:2    | Identified the +6 morningstar of Ihiupt {spect, rN+ Dex+4}
                  | (You bought it in a shop on level 2 of the Orcish Mines)
 17226 | Orc:2    | Bought a glimmering morningstar for 207 gold pieces
 17226 | Orc:2    | Identified the +10 morningstar of the Coward {flame, Fly}
                  | (You bought it in a shop on level 2 of the Orcish Mines)
 17237 | Orc:2    | Paralysed by an orc sorcerer for 3 turns
 17922 | D:11     | Found Vinec's Weapon Shop.
 18057 | D:11     | Found a runed translucent gate.
 18058 | D:11     | Found a runed translucent gate.
 18058 | D:11     | Found a runed translucent gate.
 18075 | D:11     | Noticed Peloso's ghost (journeyman MiFi)
 18075 | D:11     | Noticed lennort's ghost (journeyman OgIE)
 18075 | D:11     | Noticed Quickbrownfox's ghost (journeyman DsIE)
 18257 | D:11     | Found an iron altar of Okawaru.
 18654 | D:11     | Killed Peloso's ghost
 18670 | D:11     | Killed Quickbrownfox's ghost
 18671 | D:11     | Reached skill level 17 in Fighting
 18687 | D:11     | Killed lennort's ghost
 18760 | D:11     | Got the Spellbook of Glamour
 19083 | D:12     | Noticed Frances
 19107 | D:12     | Gained mutation: You do not regenerate when monsters are
                  | visible. [a neqoxec]
 19110 | D:12     | Killed Frances
 19340 | D:12     | Lost mutation: You do not regenerate when monsters are
                  | visible. [potion of mutation]
 19340 | D:12     | Gained mutation: You are weak. (Str -2) [potion of
                  | mutation]
 19340 | D:12     | Gained mutation: You have a pair of small antennae on your
                  | head. [potion of mutation]
 19340 | D:12     | Gained mutation: Your flesh is heat resistant. (rF+)
                  | [potion of mutation]
 19340 | D:12     | Gained mutation: You are covered in fur. (AC +1) [potion of
                  | mutation]
 20101 | D:14     | Noticed Rupert
 20101 | D:14     | Noticed Urug
 20101 | D:14     | Noticed Nessos
 20101 | D:14     | Found a gate to the Vaults.
 20167 | D:13     | Bought an embroidered hat for 210 gold pieces
 20288 | D:8      | Bought a manual of Throwing for 1200 gold pieces
 20626 | D:10     | Identified the +3 leather armour "Jenukh" {rF+ Str+4 Dex-4
                  | Stlth+}
 20628 | D:10     | Identified the +6 chain mail of Ryvvodea {Int+4 Dex-4}
 20630 | D:10     | Identified the +5 war axe of Traps {flame, Str+4}
 20641 | D:10     | Got the Discourse on Production
 20748 | D:14     | Killed Urug
 20749 | D:14     | Killed Rupert
 20813 | D:14     | Killed Nessos
 20961 | D:14     | Reached skill level 18 in Fighting
 20961 | D:14     | Reached XP level 16. HP: 101/114 MP: 16/16
 21127 | D:14     | Found Koxza's General Store.
 21135 | D:14     | Bought a condenser vane for 600 gold pieces
 21195 | D:15     | Entered Level 15 of the Dungeon
 21304 | D:15     | Found a staircase to the Depths.
 21508 | D:15     | Reached skill level 5 in Throwing
 22339 | Snake:1  | Entered Level 1 of the Snake Pit
 22421 | Snake:1  | Found a stormy altar of Qazlal.
 22972 | Snake:1  | Found a runed translucent gate.
 22972 | Snake:1  | Found a runed translucent gate.
 22975 | Snake:1  | Found a runed translucent gate.
 23242 | Snake:1  | Found Noto's Jewellery Shop.
 23243 | Snake:1  | Found Etynor's Book Shoppe.
 23245 | Snake:1  | Found Xepleuq's Jewellery Shop.
 23410 | Snake:1  | Reached skill level 5 in Evocations
 23662 | Snake:2  | You are sucked into a shaft and drop 1 floor!
 23749 | Snake:3  | Noticed Aizul
 23753 | Snake:3  | Noticed a nagaraja
 23763 | Snake:3  | Killed Aizul
 23772 | Snake:3  | Killed a nagaraja
 23920 | Snake:2  | Noticed a nagaraja
 23927 | Snake:2  | Reached XP level 17. HP: 120/120 MP: 17/17
 23962 | Snake:2  | Reached skill level 19 in Fighting
 25030 | Snake:3  | Identified the +1 cloak "Ovenumoigh" {Harm rC+}
 25220 | Snake:3  | Found a snail-covered altar of Cheibriados.
 25741 | Snake:4  | Entered Level 4 of the Snake Pit
 25844 | Snake:4  | Reached skill level 10 in Throwing
 26283 | Snake:4  | Reached skill level 15 in Armour
 26506 | Snake:4  | Reached XP level 18. HP: 129/129 MP: 18/18
 26772 | Snake:4  | Reached skill level 20 in Fighting
 26964 | Snake:4  | Got a serpentine rune of Zot
 27366 | Elf:1    | Entered Level 1 of the Elven Halls
 27473 | Elf:1    | Identified the +4 rapier of Bohuwk {elec, rElec}
 27583 | Elf:1    | Identified the +6 long sword of Enfolding Bloody Death
                  | {flame, rPois rC- rN+ Int+8}
 27591 | Elf:1    | Found Fadinuuk's Distillery.
 27734 | Elf:1    | Bought a potion of invisibility for 152 gold pieces
 27734 | Elf:1    | Bought a potion of heal wounds for 95 gold pieces
 28281 | Abyss:2  | Found a corrupted altar of Lugonu.
 28281 | Abyss:2  | Cast into level 2 of the Abyss (a deep elf demonologist)
 28305 | Abyss:2  | Found a corrupted altar of Lugonu.
 28306 | Abyss:2  | Found a corrupted altar of Lugonu.
 28306 | Abyss:2  | Found a corrupted altar of Lugonu.
 28320 | Abyss:2  | Found a corrupted altar of Lugonu.
 28664 | Elf:1    | Escaped the Abyss
 28668 | Elf:1    | Noticed a Tzitzimitl
 28703 | Elf:1    | Reached XP level 19. HP: 70/136 MP: 19/19
 28765 | Elf:1    | Got Dispater's Atlas of Mustering
 29266 | Elf:2    | Identified the +0 robe of the Elven Halls {Fly Dex-5
                  | Stlth+}
 29488 | Elf:2    | Found a runed translucent gate.
 29488 | Elf:2    | Found a runed translucent gate.
 29488 | Elf:2    | Found a runed translucent gate.
 30048 | Elf:2    | Reached skill level 10 in Evocations
 30198 | Elf:2    | Reached skill level 21 in Fighting
 30746 | Shoals:1 | Entered Level 1 of the Shoals
 33109 | Shoals:3 | Reached XP level 20. HP: 134/145 MP: 20/20
 33361 | Shoals:3 | Reached skill level 22 in Fighting
 33526 | Shoals:4 | Entered Level 4 of the Shoals
 33812 | Shoals:4 | Got a barnacled rune of Zot
 34071 | Shoals:4 | Identified the +10 falchion "Rideno" {vorpal, rF- rN++
                  | Str+2 Int+3}
 35044 | Vaults:1 | Entered Level 1 of the Vaults
 36147 | Vaults:1 | Noticed Zenata
 36156 | Vaults:1 | Killed Zenata
 36512 | Vaults:1 | Reached skill level 1 in Dodging
 36795 | Vaults:2 | Reached skill level 23 in Fighting
 37218 | Vaults:2 | Found a staircase to the Crypt.
 37270 | Vaults:2 | Reached XP level 21. HP: 115/153 MP: 21/21
 37385 | Vaults:2 | Identified a scroll of acquirement
 37393 | Vaults:2 | Acquired the +1 kite shield of the Trombone {rN+ Will+
                  | Str+2}
 37615 | Vaults:2 | Found Hiar's Armour Shoppe.
 37795 | Vaults:2 | Reached skill level 15 in Throwing
 37973 | Abyss:2  | Cast into level 2 of the Abyss (a wizard)
 38081 | Abyss:2  | Noticed a bone dragon
 38085 | Abyss:2  | Paralysed by accursed screaming for 1 turns
 38470 | Abyss:2  | Paralysed by accursed screaming for 1 turns
 38619 | Vaults:2 | Escaped the Abyss
 38974 | Vaults:3 | Reached skill level 24 in Fighting
 39365 | Vaults:3 | Reached skill level 5 in Dodging
 39611 | Vaults:3 | Identified the ring "Peolag" {rN+ Will+ Int+6 SInv}
 39835 | Vaults:3 | Reached XP level 22. HP: 133/163 MP: 22/22
 39985 | Vaults:3 | You are sucked into a shaft and drop 1 floor!
 40850 | Vaults:4 | Noticed Margery
 40854 | Vaults:4 | Found Ypsa Cycunt's General Store.
 41041 | Vaults:4 | Noticed Xtahua
 41065 | Vaults:4 | Killed Xtahua
 41066 | Vaults:4 | Reached skill level 25 in Fighting
 41416 | Vaults:4 | Killed Margery
 41498 | Vaults:4 | Bought a scroll of blinking for 82 gold pieces
 41672 | Vaults:4 | Identified the +1 scale mail "Boicedoc" {Str+4 Dex+4}
 42160 | Vaults:5 | Entered Level 5 of the Vaults
 42248 | Vaults:5 | Noticed a golden dragon
 42257 | Vaults:5 | Killed a golden dragon
 42258 | Vaults:5 | Reached skill level 15 in Shields
 42267 | Vaults:5 | Identified the ring of the Heavens {rC+ AC+4 SInv Stlth+}
 42276 | Vaults:5 | Acquired a +3 eveningstar of draining
 42284 | Vaults:5 | Noticed a golden dragon
 42289 | Vaults:5 | Killed a golden dragon
 42319 | Vaults:5 | Noticed a dread lich
 42329 | Vaults:5 | Killed a dread lich
 42396 | Vaults:5 | Noticed a golden dragon
 42400 | Vaults:5 | Killed a golden dragon
 42401 | Vaults:5 | Reached XP level 23. HP: 171/172 MP: 23/23
 42438 | Vaults:5 | Noticed a dread lich
 42567 | Vaults:5 | Killed a dread lich
 42619 | Vaults:5 | Noticed an ancient lich
 42630 | Vaults:5 | Killed an ancient lich
 42631 | Vaults:5 | Reached skill level 26 in Fighting
 42749 | Vaults:5 | Got the Meditations on Forms
 42753 | Vaults:5 | Identified the amulet of Nobility {RegenMP rN+}
 43142 | Vaults:5 | Identified the +2 dagger of Vanity {venom, rF+ Int+5 Dex+2
                  | Stlth-}
 43204 | Vaults:5 | Got a silver rune of Zot
 43579 | Vaults:5 | Identified the ring of Kuat {Drain rElec rN+++ Will+ Int+2}
 43621 | Vaults:5 | Noticed a golden dragon
 43633 | Vaults:5 | Killed a golden dragon
 43880 | Vaults:5 | Identified the +6 spear of Zytiob {holy, Str+4 Int+2}
 43883 | Vaults:5 | Identified the amulet of the Gloaming {Reflect rPois Str-4
                  | Dex+4 SH+5}
 43907 | Vaults:5 | Identified the +8 short sword of Woeh {elec, rN+ Str+5
                  | Int+2}
 44185 | Depths:1 | Entered Level 1 of the Depths
 44205 | Depths:1 | Found a one-way gate to the infinite horrors of the Abyss.
 44586 | Depths:1 | Found a gateway to Hell.
 45288 | Depths:2 | Noticed Bai Suzhen
 45315 | Depths:2 | Killed Bai Suzhen
 45359 | Depths:2 | Noticed a golden dragon
 45423 | Depths:2 | Killed a golden dragon
 45435 | Depths:2 | Noticed Mara
 45442 | Depths:2 | Killed Mara
 45505 | Depths:2 | Reached skill level 27 in Fighting
 45658 | Depths:2 | Found a one-way gate leading to the halls of Pandemonium.
 45766 | Depths:2 | Found a corrupted altar of Lugonu.
 45976 | Depths:2 | Reached XP level 24. HP: 157/181 MP: 23/23
 46415 | Depths:2 | You are sucked into a shaft and drop 1 floor!
 46415 | Depths:3 | Found Wurrec's Magic Scroll Shop.
 46419 | Depths:3 | Bought a scroll of enchant armour for 187 gold pieces
 46419 | Depths:3 | Bought 3 scrolls of summoning for 712 gold pieces
 46918 | Depths:3 | Found Nousotwu's General Store.
 46921 | Depths:3 | Found Ehomn's Antique Weapon Shop.
 46923 | Depths:3 | Found Obiek's Distillery.
 46964 | Depths:3 | Noticed Vv
 47005 | Depths:3 | Killed Vv
 47122 | Depths:3 | Bought a potion of might for 60 gold pieces
 47122 | Depths:3 | Bought a potion of cancellation for 120 gold pieces
 47122 | Depths:3 | Bought a potion of cancellation for 120 gold pieces
 47253 | Depths:3 | Found Loam's Assorted Antiques.
 47259 | Depths:3 | Bought 2 potions of heal wounds for 380 gold pieces
 47259 | Depths:3 | Bought a potion of mutation for 304 gold pieces
 47549 | Depths:4 | Entered Level 4 of the Depths
 47739 | Depths:4 | Noticed a juggernaut
 47755 | Depths:4 | Killed a juggernaut
 47991 | Depths:4 | Found a gate to the Realm of Zot.
 48096 | Depths:4 | Found a one-way gateway to a ziggurat.
 48096 | Depths:4 | Identified the +1 tower shield of Foolhardiness {rC- rN++
                  | Will+ Slay+2}
 48523 | Zot:1    | Entered Level 1 of the Realm of Zot
 48921 | Zot:1    | Noticed an orb of fire
 49689 | Zot:2    | Reached XP level 25. HP: 187/187 MP: 23/23
 50510 | Zot:3    | Identified the +1 pair of gloves of Bouqeg {+Blink rPois
                  | Int-5}
 51664 | Zot:4    | Reached skill level 10 in Dodging
 51887 | Zot:4    | Identified the +10 long sword of Karma {venom, rElec rN+}
 52646 | Zot:5    | Entered Level 5 of the Realm of Zot
 53102 | Zot:5    | Noticed an ancient lich
 53111 | Zot:5    | Noticed an orb of fire
 53115 | Zot:5    | Noticed an ancient lich
 53120 | Zot:5    | Noticed a Killer Klown
 53121 | Zot:5    | Noticed an orb of fire
 53122 | Zot:5    | Noticed a dread lich
 53136 | Zot:5    | Killed an orb of fire
 53138 | Zot:5    | Noticed a Killer Klown
 53145 | Zot:5    | Killed an orb of fire
 53148 | Zot:5    | Noticed a dread lich
 53159 | Zot:5    | Killed a Killer Klown
 53168 | Zot:5    | Killed a dread lich
 53174 | Zot:5    | Killed a dread lich
 53242 | Zot:5    | Killed an ancient lich
 53302 | Zot:5    | Noticed an ancient lich
 53304 | Zot:5    | Noticed an ancient lich
 53314 | Zot:5    | Noticed a dread lich
 53318 | Zot:5    | Noticed a Killer Klown
 53329 | Zot:5    | Noticed an orb of fire
 53334 | Zot:5    | Killed a Killer Klown
 53339 | Zot:5    | Noticed an orb of fire
 53348 | Zot:5    | Killed a dread lich
 53363 | Zot:5    | Killed an orb of fire
 53365 | Zot:5    | Noticed a dread lich
 53369 | Zot:5    | Noticed an ancient lich
 53371 | Zot:5    | Noticed a dread lich
 53372 | Zot:5    | Killed an ancient lich
 53376 | Zot:5    | Killed a dread lich
 53379 | Zot:5    | Killed an ancient lich
 53432 | Zot:5    | Killed an orb of fire
 53518 | Zot:5    | Reached XP level 26. HP: 174/193 MP: 7/23
 53552 | Zot:5    | Got the Orb of Zot
 53694 | Zot:1    | Gained mutation: You are frail. (-10% HP) [an orb of fire]
 53866 | D:14     | Noticed Yrefrex the pandemonium lord
 54007 | D:6      | Noticed a seraph
 54127 | D:$      | Escaped with the Orb!

Illustrated notes

Levels and vault maps discovered:
D:1:      dpeg_arrival_tiny_f, layout_basic,
          shapermc_ecumenical_altar_mp_urbaneastern
D:2:      minmay_razor_zed, layout_basic, kennysheep_jessica_study
D:3:      layout_basic, lemuel_crystal_altar
D:4:      layout_basic, lemuel_blue_sif_altar,
          chequers_temple_overflow_statue_of_worship, kennysheep_little_box,
          nicolae_shop_sticking_my_neck_out
D:5:      layout_basic, general_overflow_altar, minmay_temple_entry_metal_lava,
          portal_sewer_entry_e, uniq_grinder
D:6:      layout_cave_pools, serial_shops, shop_fountains, dk_noncrumbling_3
D:7:      layout_rooms, nicolae_elyvilon_temple_path, makhleb_heckhound_becter,
          nicolae_stop_n_shop_1, grunt_decor_fettered, kennysheep_generic_room_5
D:8:      layout_loops_ring, mainiacjoe_overflow_boulevard, david_lair_shrubbed,
          nicolae_shop_self_help
D:9:      layout_roguey, david_orc_3
D:10:     layout_long_grid, nemelex_xobeh_ov_fountains_minmay, kennysheep_mini,
          nicolae_ashenzari_skybound, nicolae_wu_jian_immortal_techniques,
          minmay_lindwurm_lava, uniq_erolcha, uniq_psyche
D:11:     layout_loops_ring, serial_shops, shop, gammafunk_ghost_cemetery,
          kennysheep_okawaru_gauntlet
D:12:     layout_irregular_city, uniq_frances
D:13:     layout_rooms
D:14:     layout_cave_pools, david_vaults_3, abandoned_shop, serial_shops, shop,
          kennysheep_nondescript
D:15:     grunt_enter_depths_magical_seal, layout_cave_pods, grunt_decor_cap
Lair:1:   layout_roguey
Lair:2:   cheibrodos_lair_overgrown_chateau, layout_big_grid,
          serial_bayou_shore_a
Lair:3:   layout_roguey, shoals_dummy_entry, minmay_snake_entry_six_corridors,
          uniq_kirke, uniq_nessos
Lair:4:   layout_misc_corridors, nicolae_slime_entry_slimehenge,
          serial_bayou_shore_b
Lair:5:   wormcave, layout_hall_layers, grunt_forest_small_clearings
Shoals:1: layout_shoals, nicolae_shoals_seven_spires,
          nicolae_shoals_lost_giant_temple
Shoals:2: layout_shoals
Shoals:3: layout_shoals
Shoals:4: shoals_end_grunt_ice, layout_shoals
Snake:1:  layout_gridlike, basic_altar, serial_curves, eino_curves_03,
          eino_curves_01, eino_curves_03, nicolae_snake_horde_hoard,
          minmay_shop_grove
Snake:2:  layout_basic, nicolae_snake_scaly_snakehead, serial_bayou_shore_b
Snake:3:  layout_onion, special_room, basic_altar, nicolae_large_snake_swirl,
          uniq_aizul
Snake:4:  snake_pit, layout_cave_town
Orc:1:    layout_caves
Orc:2:    grunt_orc_gardens, layout_caves, grunt_orc_garden, grunt_orc_garden,
          grunt_orc_garden, grunt_orc_garden, enter_volcano_2, uniq_saint_roka
Elf:1:    layout_gridlike, serial_shops, shop_fountains, minmay_elf_demonology,
          minivault_8
Elf:2:    nicolae_elf_blades_splatter_lattice [nicolae_blade_entry_antechamber],
          layout_gridlike, serial_corexii_hall, chequers_hall_statues_wall_a,
          chequers_hall_statues_wall_a, chequers_hall_statues_wall_a
Vaults:1: ontoclasm_vaults_spin, hangedman_vaults_nails, v_misc_13,
          nicolae_vaults_asterisk, nicolae_vaults_network_quinsquares
          [nicolae_vaults_network_quincunx_subvault,
          nicolae_vaults_network_quincunx_subvault,
          nicolae_vaults_network_quincunx_subvault,
          nicolae_vaults_network_quincunx_subvault], vaults_room_pools,
          ontoclasm_vaults_ligature, vaults_mumra_bighexcomb, v_misc_29,
          layout_vaults_omnigrid, uniq_zenata
Vaults:2: minmay_crypt_entry_simple_box, v_alt_pattern_1, vaults_mumra_lcd,
          nicolae_vaults_triangles, hangedman_vaults_stitches, v_rooms_3,
          nicolae_vaults_branching_niches, hangedman_vaults_pinch,
          nicolae_vaults_little_squares_4, v_misc_11,
          nicolae_vaults_specimen_jars, layout_vaults_ring, serial_shops,
          nicolae_shop_hallway_plus
Vaults:3: v_rooms_2, hangedman_vaults_hard_town_square,
          nicolae_vaults_rhombus_7, nicolae_vaults_alarming,
          nicolae_vaults_shelves_hall, ontoclasm_vaults_loading_screen,
          ontoclasm_vaults_chip, layout_vaults_omnibox
Vaults:4: nicolae_vaults_puzzle_piece, hangedman_vaults_impose,
          hangedman_vaults_snaps, nicolae_vaults_puzzle_piece,
          vaults_dpeg_encased_lava, v_rooms_4, ontoclasm_vaults_loading_screen,
          nicolae_vaults_display_case, nicolae_vaults_rhombus_5,
          grunt_vaults_hallway_short, vaults_dpeg_ring,
          nicolae_vaults_little_squares_2, hangedman_vaults_variations,
          ontoclasm_vaults_decontamination, ontoclasm_vaults_gateway,
          nicolae_vaults_little_squares_4, layout_vaults_omnicross,
          serial_shops, shop, uniq_margery, uniq_xtahua
Vaults:5: serial_shops
Depths:1: layout_roguey, abyss_entry, hangedman_decor_peaks_small,
          serial_sigils, serial_sigils_hangedman_clutch,
          serial_sigils_hangedman_gnaw, serial_sigils_hangedman_carve,
          serial_sigils_hangedman_etch, grunt_mini_vestibule,
          lemuel_another_geyser
Depths:2: minmay_big_diamond_grid, layout_small_grid, special_room
          [special_room_jelly], grunt_pan_entry_zigzag, hell_entry,
          abyss_entry_flame_altar, uniq_bai_suzhen, uniq_mara
Depths:3: impenetrable_vault, layout_cave_pools, serial_shops,
          nicolae_lakefront_shop, shop_fountains, hell_entry,
          abyss_entry_crystal, minmay_door_square, minmay_shop_star, uniq_vv
Depths:4: grunt_zot_entry_tricorne, layout_cave_pools, enter_ziggurat_d,
          abyss_entry, hellmouth_1
Zot:1:    layout_basic
Zot:2:    grunt_twist_and_shout, layout_concentric_octagons
Zot:3:    layout_gridlike
Zot:4:    kennysheep_oblong_rooms, layout_onion
Zot:5:    layout_basic, st_stairs_6, hangedman_zot_decor_tridents

Skill      XL: |  1  2  3  4  5  6  7  8  9 10 11 12 13 14 15 16 17 18 19 20 21 22 23 24 25 |
---------------+----------------------------------------------------------------------------+-----
Maces & Flails | 3 4 5 6 7 8 10 11 12 13 14 16 | 16.0
Fighting       | 4 5 6 7 8 10 11 13 14 16 18 19 20 21 23 24 25 27 | 27.0
Armour         | 4 5 6 8 9 10 11 12 14 15 16 17 18 19 20 21 22 23 | 23.9
Shields        | 4 5 6 7 9 10 11 12 13 14 15 16 18 20 | 20.2
Throwing       | 1 2 3 7 10 12 13 14 15 16 | 16.0
Evocations     | 1 3 4 5 7 9 10 | 10.0
Dodging        | 2 5 6 9 11 | 11.6

Action                   |  1- 3 |  4- 6 |  7- 9 | 10-12 | 13-15 | 16-18 | 19-21 | 22-24 | 25-27 || total
-------------------------+-------+-------+-------+-------+-------+-------+-------+-------+-------++-------
Melee: Flail             |    83 |   221 |   492 |   391 |       |       |       |       |       ||  1187
       Morningstar       |       |       |       |   171 |   256 |   951 |  1930 |   422 |       ||  3730
       War axe           |       |       |       |   189 |   869 |   288 |    56 |       |       ||  1402
       Unarmed           |       |       |       |       |    12 |       |       |       |       ||    12
       Eveningstar       |       |       |       |       |       |       |       |  1161 |   498 ||  1659
Throw: Dart              |       |       |       |    21 |     3 |       |       |       |       ||    24
       Boomerang         |       |       |       |       |       |    40 |       |       |       ||    40
       Javelin           |       |       |       |       |       |     6 |     5 |    25 |     7 ||    43
Invok: Call Merchant     |       |       |       |       |     3 |       |     2 |       |       ||     5
       Potion Petition   |       |       |       |       |     1 |     1 |       |       |       ||     2
       Bribe Branch      |       |       |       |       |       |       |       |     2 |     2 ||     4
Evoke: Wand              |       |       |       |     3 |     1 |     3 |       |       |       ||     7
       Condenser vane    |       |       |       |       |       |     3 |       |     7 |     1 ||    11
       Phantom mirror    |       |       |       |       |       |       |     1 |     3 |       ||     4
       Phial of floods   |       |       |       |       |       |       |     1 |     1 |       ||     2
  Use: Potion            |       |     3 |       |       |     7 |     5 |    10 |     4 |    13 ||    42
       Scroll            |       |       |    11 |     2 |    18 |     7 |    11 |    28 |     9 ||    86
 Stab: Distracted        |       |       |       |     2 |    12 |    14 |    14 |    11 |    12 ||    65
       Invisible         |       |       |       |       |    20 |       |       |       |     2 ||    22
Armor: Crystal plate arm |    88 |   235 |   448 |   835 |   797 |   751 |  1277 |  1123 |   396 ||  5950
       Scale mail        |     1 |       |       |       |       |       |       |       |       ||     1
       Skin              |       |       |       |    18 |       |       |       |       |       ||    18
Dodge: Dodged            |     5 |    24 |    67 |   128 |   415 |   296 |   556 |   396 |   112 ||  1999
Block: Buckler           |    14 |    42 |    83 |    73 |       |       |       |       |       ||   212
       Kite shield       |       |       |       |   288 |  1103 |  1154 |  1429 |   840 |   291 ||  5105
